Map: Ulrena

Players

Grumm

  • Race: Zerg Zerg
  • League: Gold

A.I. 1 (Very Hard) - Winner!

  • Race: Protoss Protoss

VOD

Have the link to the VOD?

Description

Time

  • Played on: Feb. 4, 2016, 1:38 a.m.
  • Length: 17:20
Show
View Real Time Build Order
Export as new Build Order

Grumm Zerg 

Build Orders: Hatch First, Lurkers 

Get SALT Encoding   

  12  0:01  Drone  
  13  0:12  Drone  
  14  0:38  Hatchery  
  14  0:39  Drone  
  14  0:45  Overlord  
  14  0:58  Extractor  
  13  1:05  Spawning Pool  
  13  1:07  Drone  
  13  1:14  Drone  
  13  1:16  Drone  
  15  1:26  Drone  
  16  1:42  Drone x2  
  18  1:54  Roach Warren  
  18  1:55  Queen  
  18  1:59  Drone  
  20  2:06  Drone  
  21  2:10  Drone  
  22  2:17  Drone x2  
  24  2:26  Extractor  
  23  2:32  Spine Crawler  
  23  2:35  Zergling x4  
  24  2:47  Lair  
  24  2:51  Drone x2  
  26  3:04  Overlord  
  26  3:06  Drone x2  
  26  3:11  Extractor  
  27  3:42  Roach  
  27  3:43  Roach x3  
  34  3:50  Overlord  
  34  3:52  Overlord  
  34  3:58  Hydralisk Den, Queen  
  35  4:31  Drone x4  
  36  4:32  Drone x2  
  41  4:39  Extractor  
  40  4:50  Hydralisk x5  
  50  5:02  Overseer  
  50  5:15  Drone  
  51  5:24  Overlord x2  
  51  5:51  Hydralisk  
  51  5:52  Hydralisk x7  
  67  5:57  Hatchery  
  67  5:59  Pneumatized Carapace  
  66  6:28  Glial Reconstitution, Muscular Augments  
  66  6:31  Metabolic Boost  
  66  6:38  Evolution Chamber  
  66  6:39  Evolution Chamber  
  64  7:08  Drone x3  
  65  7:09  Drone x3  
  65  7:12  Queen  
  72  7:28  Overlord x2  
  72  7:56  Lurker Den  
  72  8:05  Infestation Pit  
  72  8:08  Spore Crawler  
  72  8:10  Drone  
  72  8:11  Drone x7  
  78  8:19  Drone x2  
  80  8:20  Drone  
  81  8:33  Zerg Ground Armor Level 1, Zerg Missile Weapons Level 1  
  81  8:48  Overlord  
  81  8:49  Drone  
  81  8:50  Drone x6  
  88  9:17  Spine Crawler  
  88  9:20  Spine Crawler  
  88  9:22  Overlord x2  
  85  9:41  Roach  
  85  9:42  Hydralisk x2, Roach x11  
  83  10:00  Roach x8  
  83  10:01  Roach  
  81  10:21  Zergling x2  
  81  10:22  Zergling x16  
  78  10:30  Zergling x4  
  50  10:54  Hydralisk  
  50  10:55  Hydralisk x7  
  65  11:05  Spine Crawler  
  65  11:06  Spine Crawler  
  65  11:11  Spine Crawler  
  62  11:14  Drone  
  62  11:15  Zergling x6  
  66  11:25  Lurker x3  
  69  11:38  Hatchery  
  68  11:43  Roach  
  68  11:44  Roach x9  
  88  12:07  Drone x3  
  88  12:08  Drone x11  
  100  12:39  Overlord x2  
  100  12:40  Overlord  
  99  12:54  Hydralisk x9  
  99  12:55  Hydralisk  
  120  12:58  Lurker  
  120  12:59  Lurker  
  120  13:05  Extractor  
  120  13:08  Drone x8  
  120  13:09  Extractor  
  116  13:45  Hydralisk  
  116  13:46  Hydralisk x12  
  127  13:56  Lurker  
  127  14:00  Lurker x2  
  127  14:01  Lurker  
  131  14:06  Extractor  
  131  14:07  Queen  
  131  14:08  Drone, Extractor  
  131  14:09  Drone x2  
  134  14:59  Swarm Host  
  134  15:00  Swarm Host x2  
  134  15:02  Overlord x2  
  134  15:03  Overlord  
  143  15:14  Zergling x2  
  144  15:40  Zergling x2  
  144  15:41  Zergling x40  
  165  15:50  Overseer  
  165  15:51  Overseer  
  82  16:47  Roach x3  
  82  16:48  Roach x9  
  100  16:58  Roach  
  95  17:03  Spine Crawler  
  95  17:07  Spine Crawler  
Show
View Real Time Build Order
Export as new Build Order

A.I. 1 (Very Hard) Protoss - Winner!

Build Orders: Zealot Archon 

Get SALT Encoding   

  12  0:01  Probe (Chrono Boost)  
  13  0:11  Probe (Chrono Boost)  
  14  0:20  Pylon  
  14  0:22  Probe (Chrono Boost)  
  15  0:38  Probe (Chrono Boost)  
  16  0:47  Assimilator  
  16  0:49  Probe (Chrono Boost)  
  17  0:51  Gateway  
  17  0:59  Probe (Chrono Boost)  
  17  1:00  Pylon  
  18  1:10  Probe (Chrono Boost)  
  19  1:20  Probe (Chrono Boost)  
  20  1:31  Probe (Chrono Boost)  
  21  1:38  Zealot  
  21  1:42  Probe (Chrono Boost)  
  21  1:43  Cybernetics Core  
  24  1:54  Probe (Chrono Boost)  
  25  2:01  Nexus  
  25  2:13  Gateway  
  25  2:18  Pylon  
  25  2:23  Zealot  
  25  2:26  Warp Gate  
  25  2:29  Probe (Chrono Boost)  
  28  2:40  Assimilator, Probe (Chrono Boost)  
  29  2:49  Adept  
  32  2:52  Probe (Chrono Boost)  
  32  2:58  Adept  
  32  3:03  Probe (Chrono Boost)  
  32  3:04  Pylon  
  35  3:14  Adept  
  35  3:15  Probe (Chrono Boost)  
  38  3:23  Stalker  
  38  3:27  Probe (Chrono Boost)  
  41  3:29  Probe (Chrono Boost)  
  42  3:38  Probe (Chrono Boost)  
  42  3:40  Probe (Chrono Boost)  
  44  3:44  Robotics Facility  
  44  3:50  Adept, Probe (Chrono Boost)  
  44  3:51  Probe (Chrono Boost)  
  48  3:59  Adept  
  48  4:01  Probe (Chrono Boost)  
  52  4:03  Probe (Chrono Boost)  
  52  4:12  Pylon, Probe (Chrono Boost)  
  52  4:14  Probe (Chrono Boost)  
  54  4:23  Probe (Chrono Boost)  
  55  4:25  Probe (Chrono Boost)  
  55  4:28  Stalker  
  55  4:30  Immortal  
  58  4:34  Pylon  
  58  4:35  Probe (Chrono Boost)  
  58  4:37  Probe (Chrono Boost)  
  64  4:38  Stalker  
  67  4:46  Probe (Chrono Boost)  
  67  4:49  Probe (Chrono Boost)  
  67  4:51  Robotics Facility  
  68  4:52  Stalker  
  70  5:03  Probe (Chrono Boost)  
  70  5:05  Probe (Chrono Boost)  
  70  5:07  Immortal  
  72  5:10  Pylon  
  72  5:13  Pylon  
  76  5:19  Stalker  
  78  5:26  Twilight Council  
  78  5:28  Sentry  
  81  5:29  Probe (Chrono Boost)  
  81  5:30  Assimilator  
  81  5:32  Probe (Chrono Boost)  
  82  5:39  Assimilator  
  82  5:45  Pylon  
  82  5:49  Gateway  
  82  5:52  Probe (Chrono Boost)  
  82  5:53  Probe (Chrono Boost)  
  84  6:00  Zealot  
  84  6:03  Probe (Chrono Boost)  
  88  6:04  Probe (Chrono Boost)  
  88  6:08  Pylon  
  88  6:10  Templar Archives  
  88  6:14  Probe (Chrono Boost)  
  89  6:26  Forge, Nexus  
  89  6:33  Stalker  
  89  6:37  Stalker  
  93  6:44  Stalker  
  95  6:47  Pylon  
  95  6:51  Forge  
  95  6:52  Pylon  
  95  6:53  Sentry  
  97  6:58  High Templar, Protoss Ground Weapons Level 1  
  97  7:00  Gateway  
  99  7:04  High Templar  
  101  7:15  Zealot  
  103  7:16  Archon, Photon Cannon  
  103  7:18  Photon Cannon  
  103  7:20  Pylon  
  103  7:27  Warp Prism  
  103  7:28  High Templar  
  107  7:33  Stalker  
  107  7:36  Sentry  
  111  7:40  Probe x2 (Chrono Boost)  
  111  7:41  Probe (Chrono Boost)  
  114  7:47  Assimilator  
  114  7:48  Photon Cannon  
  114  7:49  Observer  
  118  7:51  Probe (Chrono Boost)  
  118  7:52  Pylon, Probe x2 (Chrono Boost)  
  118  7:54  Assimilator  
  118  7:55  High Templar, Stalker  
  122  7:59  Stalker  
  122  8:03  Probe (Chrono Boost)  
  122  8:04  Probe x2 (Chrono Boost)  
  122  8:05  Archon, Stalker  
  129  8:13  Photon Cannon  
  129  8:15  Probe x2 (Chrono Boost)  
  129  8:16  Probe (Chrono Boost)  
  129  8:18  Pylon, Zealot  
  134  8:22  High Templar  
  134  8:26  Probe (Chrono Boost)  
  138  8:27  Probe (Chrono Boost)  
  138  8:28  High Templar  
  138  8:29  Probe (Chrono Boost)  
  138  8:33  Archon  
  141  8:37  High Templar  
  141  8:38  Probe (Chrono Boost)  
  141  8:40  Photon Cannon  
  144  8:44  Photon Cannon  
  144  8:46  High Templar  
  144  8:48  Protoss Ground Armor Level 1  
  146  8:52  Warp Prism  
  146  8:55  Archon  
  146  8:57  Pylon  
  146  9:02  High Templar, Gateway  
  150  9:08  Nexus  
  150  9:12  High Templar  
  150  9:15  Zealot  
  154  9:17  Zealot  
  154  9:18  Psionic Storm, Photon Cannon  
  154  9:23  Pylon  
  156  9:26  Immortal  
  160  9:31  Zealot  
  160  9:32  Observer  
  160  9:34  Zealot  
  160  9:37  Zealot  
  160  9:38  Photon Cannon  
  159  9:42  Zealot  
  159  9:44  Pylon  
  161  9:50  Zealot  
  153  9:53  Observer  
  153  9:54  Zealot  
  153  9:56  Zealot x2  
  152  10:00  Zealot  
  152  10:03  Immortal  
  154  10:08  Zealot  
  154  10:12  Photon Cannon  
  150  10:14  Sentry  
  150  10:15  High Templar, Zealot  
  150  10:18  Gateway  
  150  10:20  Sentry  
  151  10:21  Probe (Chrono Boost)  
  151  10:27  High Templar  
  145  10:31  Assimilator  
  145  10:33  Pylon  
  145  10:34  Stalker  
  145  10:35  Assimilator, Immortal  
  139  10:37  Stalker  
  141  10:43  Sentry  
  141  10:45  Sentry  
  141  10:48  Protoss Ground Weapons Level 2  
  145  10:50  Photon Cannon  
  145  10:54  Photon Cannon  
  145  10:55  Adept  
  145  10:56  Pylon  
  147  10:57  Sentry  
  147  10:58  Stalker  
  147  11:04  Stalker  
  153  11:07  Stalker  
  155  11:12  Stalker  
  155  11:13  Stalker  
  155  11:17  Photon Cannon  
  159  11:18  Photon Cannon  
  159  11:20  Archon, High Templar, Zealot  
  159  11:24  Charge  
  163  11:27  High Templar  
  165  11:40  Archon  
  165  11:41  High Templar  
  165  11:45  Nexus  
  167  11:49  High Templar, Zealot  
  171  12:06  Robotics Facility  
  171  12:09  Stargate  
  171  12:17  Photon Cannon  
  171  12:18  Photon Cannon  
  171  12:20  Archon, High Templar, Photon Cannon  
  173  12:25  Probe (Chrono Boost)  
  173  12:27  High Templar  
  175  12:34  Stalker  
  175  12:36  Stalker  
  179  12:37  Nexus  
  179  12:43  High Templar  
  181  12:50  High Templar  
  183  12:51  Archon, Adept  
  183  12:54  Blink  
  183  12:57  Photon Cannon  
  185  12:58  High Templar  
  185  13:05  High Templar  
  189  13:09  Protoss Ground Armor Level 2  
  189  13:11  Archon  
  189  13:19  High Templar  
  191  13:22  Zealot x3  
  197  13:28  Gateway, Zealot  
  197  13:32  Robotics Bay  
  197  13:33  Probe (Chrono Boost)  
  197  13:35  Zealot  
  197  13:40  Zealot x2  
  171  13:41  High Templar  
  171  13:46  Zealot  
  135  13:49  Adept  
  135  13:53  Zealot  
  107  13:58  Assimilator, Adept  
  107  14:00  Zealot  
  107  14:02  Forge, Pylon  
  111  14:05  Assimilator, Nexus, Sentry  
  111  14:08  High Templar  
  115  14:11  Archon, Stalker  
  115  14:12  Sentry  
  115  14:16  Archon  
  119  14:17  Sentry  
  119  14:18  Stalker  
  119  14:22  Zealot  
  125  14:26  Adept  
  127  14:32  Stalker  
  127  14:33  Stalker  
  127  14:38  High Templar, Zealot x2  
  135  14:40  Observer Gravitic Boosters, Disruptor  
  135  14:41  High Templar  
  135  14:45  Zealot  
  144  14:47  Disruptor  
  144  14:49  Archon  
  144  14:52  Photon Cannon  
  147  14:54  High Templar  
  147  14:55  Pylon, Stalker  
  147  14:57  High Templar, Stalker  
  155  15:01  Disruptor  
  155  15:04  Stalker  
  155  15:05  Archon  
  160  15:09  Zealot  
  160  15:11  Zealot  
  164  15:16  Photon Cannon  
  164  15:17  High Templar  
  164  15:18  Zealot, Photon Cannon  
  168  15:25  Stalker  
  168  15:26  Adept  
  168  15:27  Assimilator, Stalker, High Templar  
  176  15:30  Pylon  
  176  15:31  Stalker, Nexus  
  176  15:32  Gravitic Drive  
  176  15:33  Archon  
  178  15:37  High Templar  
  180  15:44  Stalker  
  180  15:46  High Templar, Stalker  
  186  15:56  Stalker  
  188  15:58  Stalker  
  188  16:00  Stalker  
  192  16:05  Stalker  
  192  16:09  High Templar, Zealot  
  198  16:15  Zealot  
  199  16:26  Zealot  
  199  16:28  Probe x2 (Chrono Boost)  
  199  16:29  Probe (Chrono Boost)  
  199  16:30  Probe x2 (Chrono Boost)  
  199  16:31  Probe (Chrono Boost)  
  197  16:34  Zealot  
  197  16:38  Zealot  
  197  16:39  Probe x2 (Chrono Boost)  
  168  16:40  Probe x2 (Chrono Boost)  
  168  16:42  Probe (Chrono Boost)  
  168  16:43  Probe (Chrono Boost)  
  168  16:44  Probe (Chrono Boost)  
  164  16:49  Zealot  
  164  16:50  Probe (Chrono Boost)  
  164  16:52  Probe (Chrono Boost)  
  164  16:53  Probe (Chrono Boost)  
  165  16:55  Probe (Chrono Boost)  
  165  16:56  Probe (Chrono Boost)  
  165  16:57  Archon  
  165  16:58  Probe (Chrono Boost)  
  165  17:00  Probe (Chrono Boost)  
  168  17:01  Probe (Chrono Boost)  
  168  17:06  Pylon  
  168  17:08  Zealot  
  170  17:11  Zealot  
  170  17:14  Zealot  
Tags
 
League
Gold
Matchup
PvZ
Replay Pack
sc2 replays 2016
Add a new tag
Caveats
  • Supply blocks, unpowered buildings, or Contaminate may cause inaccurate times.
  • Supply counts are checked every 10 seconds.